 Dungeon Crawl Stone Soup version 0.28-a0-1616-g050a50673c (webtiles) character file.

Game seed: 1148942695957341132

2345 grumblor the Chopper (level 9, -4/45 HPs)
             Began as a Vine Stalker Fighter on Jan 23, 2022.
             Was a Follower of Sif Muna.
             Slain by an unseen horror (6 damage)
             ... on level 7 of the Dungeon.
             The game lasted 00:11:08 (6581 turns).

grumblor the Chopper (Vine Stalker Fighter)         Turns: 6581, Time: 00:11:08

Health: -4/45      AC: 15    Str: 23    XL:     9   Next: 43%
Magic:  0/12       EV: 10    Int:  8    God:    Sif Muna [*.....]
Gold:   421        SH: 11    Dex: 20    Spells: 8/8 levels left

rFire   . . .      SeeInvis .   a - +0 war axe (spect)
rCold   . . .      Faith    .   c - +0 buckler
rNeg    . . .      Spirit   +   g - +0 chain mail
rPois   .          Reflect  +   e - +2 hat
rElec   .          Harm     .   o - +0 cloak
rCorr   .          Rampage  .   l - +0 pair of gloves
Will    +....                   i - +0 pair of boots
Stlth   ..........              r - amulet of reflection
HPRegen 0.95/turn               s - +6 ring of dexterity
MPRegen 0.13/turn               (no ring)

@: no status effects
A: fangs 3, regeneration 1, magic shield, antimagic bite, no potion heal 2
a: Renounce Religion, Channel Magic


You were on level 7 of the Dungeon.
You worshipped Sif Muna.
Sif Muna was aware of your devotion.
You visited 2 branches of the dungeon, and saw 8 of its levels.
You also visited: Sewer.

You collected 421 gold pieces.

Inventory:

Hand Weapons
 a - a +0 spectral war axe (weapon)
Missiles
 b - 6 boomerangs
 h - 45 poisoned darts (quivered)
 v - a throwing net
Armour
 c - a +0 buckler (worn)
 e - a +2 hat (worn)
 g - a +0 chain mail (worn)
 i - a +0 pair of boots (worn)
 l - a +0 pair of gloves (worn)
 o - a +0 cloak (worn)
Jewellery
 f - a ring of fire
 r - an amulet of reflection (around neck)
 s - a +6 ring of dexterity (left hand)
Wands
 p - a wand of acid (11)
 w - a wand of mindburst (12)
Scrolls
 m - 4 scrolls of teleportation
 n - 2 scrolls of fog
 q - 2 scrolls of enchant armour
Potions
 d - a potion of might
 j - 3 potions of mutation
 t - a potion of resistance
 u - a potion of invisibility {unknown}


   Skills:
 + Level 4.2 Fighting
 + Level 6.2 Axes
 - Level 2.0 Throwing
 + Level 4.7 Armour
 * Level 3.8 Dodging
 + Level 4.2 Shields
 * Level 3.2 Invocations
 * Level 3.3 Evocations


You had 8 spell levels left.
You didn't know any spells.
Your spell library contained the following spells:

 Spells                   Type           Power      Damage    Failure   Level
 Slow                     Hex            0%         N/A       99%         1
 Confusing Touch          Hex            0%         N/A       100%        3
 Inner Flame              Hex/Fire       0%         N/A       100%        3
 Tukima's Dance           Hex            0%         N/A       100%        3
 Vampiric Draining        Necr           0%         2d6       100%        3
 Animate Armour           Summ/Erth      0%         N/A       100%        4
 Cause Fear               Hex            0%         N/A       100%        4
 Passage of Golubria      Tloc           0%         N/A       100%        4
 Blade Hands              Tmut           0%         N/A       100%        5
 Yara's Violent Unravell  Hex/Tmut       0%         3d3       100%        5
 Iron Shot                Conj/Erth      0%         9d1       100%        6
 Discord                  Hex            0%         N/A       100%        8


Dungeon Overview and Level Annotations

Branches:
Dungeon (7/15)             Temple (1/1) D:5           Sewer (visited)

Altars:
Ashenzari
Cheibriados
Dithmenos
Elyvilon
Fedhas
Gozag
Hepliaklqana
Kikubaaqudgha
Makhleb
Nemelex Xobeh
Okawaru
Qazlal
Ru
Sif Muna
Trog
Uskayaw
Vehumet
Wu Jian
Yredelemnul
Zin
The Shining One

Shops:
D:5 !*?:


Innate Abilities, Weirdness & Mutations

You have razor-sharp teeth.
Your natural rate of healing is unusually fast.
When hurt, damage is shared between your health and your magic reserves.
Your bite disrupts and absorbs the magic of your enemies.
Potions cannot restore your health.


Message History

You drain its power.
You feel invigorated.
The gargoyle is lightly damaged.
The gargoyle hits you with a +0 flail!
You hit the gargoyle but do no damage.
The gargoyle is lightly damaged.
You block the gargoyle's attack.
You barely miss the gargoyle.
The gargoyle is lightly damaged.
The gargoyle hits you with a +0 flail!
You hear a howl!
You are too injured to fight recklessly!
You hear an angry buzzing noise.
The gargoyle hurls a stone arrow at you.
The stone arrow hits you.
A howler monkey comes into view.
You see here a +0 quarterstaff.
The gargoyle hurls a stone arrow at you.
The stone arrow hits you!
* * * LOW HITPOINT WARNING * * *
Something hits you but does no damage.
Deactivating autopickup; reactivate with Ctrl-A.
The howler monkey hoots and howls with incredible vigour!
You hear an angry buzzing noise.
You hear a shout!
You hit the gargoyle but do no damage. Your bite misses the gargoyle.
The gargoyle is lightly damaged.
Your +0 spectral war axe hits the gargoyle.
Something hits you.
* * * LOW HITPOINT WARNING * * *
The gargoyle hits you with a +0 flail!
* * * LOW HITPOINT WARNING * * *
Something hits you!
* * * LOW HITPOINT WARNING * * *
A vampire mosquito comes into view.
The gargoyle hits you with a +0 flail.
* * * LOW HITPOINT WARNING * * *
Okay, then.
Okay, then.
As you read the scroll of summoning, it crumbles to dust.
Wisps of shadow whirl around you... Something hits you.
You die...

.....##.#........#.....
..#..#
[....##.##.......#.##..
.# .#
.....##.##.......#.# ##
#.#######....##..
#................
#########.####### #..Z#
#.§l# # #h9@##.#
#y.###..# #.. #..# ###
####


You could see a vampire mosquito, a gargoyle (ally target), a howler monkey
(catching breath, ally target), a friendly iguana (summoned) and a friendly
centaur zombie (summoned).

Vanquished Creatures
  Harold (D:7)
  2 water moccasins
  A centaur (D:5)
  2 necrophages (D:6)
  2 phantoms (D:5)
  2 kobold brigands (Sewer)
  A bullfrog (D:6)
  A gnoll sergeant (D:7)
  A scorpion (D:6)
  2 water moccasin skeletons
  A howler monkey (D:4)
  3 centaur zombies
  A hound (D:5)
  A jelly (D:6)
  A centaur skeleton (D:7)
  A bullfrog skeleton (D:6)
  2 iguanas
  14 gnolls
  11 adders
  6 river rats (Sewer)
  A white imp (D:6)
  An ufetubus (D:3)
  A worm (D:6)
  4 dart slugs
  11 orcs (D:4)
  8 endoplasms
  4 giant cockroaches
  10 goblins
  2 hobgoblins
  5 jackals
  A quokka (D:2)
  5 ball pythons
  9 bats
  3 frilled lizards (Sewer)
  15 kobolds
  11 rats
147 creatures vanquished.

Vanquished Creatures (others)
  14 plants
14 creatures vanquished.

Grand Total: 161 creatures vanquished

Notes
Turn   | Place    | Note
-------+----------+-------------------------------------------
     0 | D:1      | grumblor the Vine Stalker Fighter began the quest for the
                  | Orb.
     0 | D:1      | Reached XP level 1. HP: 11/11 MP: 2/2
   216 | D:1      | Reached XP level 2. HP: 2/16 MP: 0/3
   694 | D:1      | Reached skill level 2 in Axes
  1029 | D:1      | Reached XP level 3. HP: 15/15 MP: 4/4
  1403 | D:1      | Found a faded altar of an unknown god.
  1655 | D:2      | Reached skill level 1 in Dodging
  1656 | D:2      | Gained mutation: Your natural rate of healing is unusually
                  | fast. [Vine Stalker growth]
  1656 | D:2      | Reached XP level 4. HP: 20/24 MP: 5/5
  1675 | D:2      | Found a shadowy altar of Dithmenos.
  2285 | D:3      | Reached XP level 5. HP: 28/28 MP: 6/6
  2306 | D:3      | Reached skill level 3 in Axes
  3436 | D:4      | Reached XP level 6. HP: 30/30 MP: 7/7
  3437 | D:4      | Reached skill level 1 in Throwing
  4087 | D:5      | Entered Level 5 of the Dungeon
  4111 | D:5      | Reached skill level 4 in Axes
  4169 | D:5      | Found Vudwuol's Book Boutique.
  4170 | D:5      | Found Beokus's Distillery.
  4171 | D:5      | Found Gibram's Assorted Antiques.
  4173 | D:5      | Found Botith's Magic Scroll Boutique.
  4235 | D:5      | Reached XP level 7. HP: 27/36 MP: 5/8
  4476 | D:5      | Reached skill level 1 in Evocations
  4540 | D:5      | Found a staircase to the Ecumenical Temple.
  4557 | Temple   | Entered the Ecumenical Temple
  4645 | Temple   | Became a worshipper of Sif Muna the Loreminder
  4947 | D:6      | Gained mutation: You have razor-sharp teeth. [Vine Stalker
                  | growth]
  4947 | D:6      | Reached XP level 8. HP: 41/41 MP: 9/9
  4979 | D:6      | Reached skill level 5 in Axes
  4979 | D:6      | Reached skill level 1 in Invocations
  5496 | D:6      | Found a glowing drain.
  5511 | Sewer    | Entered a sewer
  5545 | Sewer    | Reached * piety under Sif Muna
  6332 | D:7      | Noticed Harold
  6340 | D:7      | Killed Harold
  6341 | D:7      | Reached skill level 6 in Axes
  6341 | D:7      | Reached XP level 9. HP: 44/45 MP: 10/12
  6568 | D:7      | Noticed a gargoyle
  6580 | D:7      | HP: 2/45 [something (5)]
  6581 | D:7      | Slain by an unseen horror

Illustrated notes

Levels and vault maps discovered:
D:1:      dpeg_arrival_chambers_temple_mockup, layout_basic,
          hellmonk_ecumenical_altar_leap_of_faith, minmay_misc_feat_rows
D:2:      layout_loops_ring, basic_altar
D:3:      minmay_general_purpose_star, layout_loops_ring,
          chequers_serial_rivers_micro_a
D:4:      layout_loops_corners, guppyfry_early_lair_pool
D:5:      layout_loops_ring, minmay_temple_entry_sparse_star,
          minmay_shop_grid_forest
D:6:      nicolae_cairo_tiling_large_dashed, layout_gridville,
          portal_sewer_entry_a, nicolae_ossuary_entry_monument,
          grunt_ministairs_13
D:7:      minmay_blocky_corners, layout_basic, serial_bayou_pond_b,
          minmay_manual_monstrance, uniq_joseph, uniq_harold
Temple:   regret_index_temple_sigil_plot

Skill      XL: |  1  2  3  4  5  6  7  8 |
---------------+-------------------------+-----
Axes           | 2 3 4 6 |  6.2
Fighting       | 3 4 |  4.2
Dodging        | 1 2 3 |  3.8
Armour         | 3 4 |  4.7
Throwing       | 1 2 |  2.0
Shields        | 3 4 |  4.2
Evocations     | 1 3 |  3.3
Invocations    | 3 |  3.2

Action                   |  1- 3 |  4- 6 |  7- 9 || total
-------------------------+-------+-------+-------++-------
Melee: War axe           |    60 |   102 |   154 ||   316
       Bite              |    13 |    35 |    45 ||    93
Throw: Dart              |       |     2 |       ||     2
  Use: Scroll            |     3 |     7 |    10 ||    20
 Stab: Distracted        |       |       |     5 ||     5
Armor: Scale mail        |    29 |    25 |       ||    54
       Chain mail        |       |    23 |    69 ||    92
Dodge: Dodged            |    22 |    35 |    35 ||    92
Block: Buckler           |    14 |    18 |    80 ||   112

Table legend: (Time is in decaauts)
 A = Elapsed time spent in this place.
 B = Non-inter-level travel time spent in this place.
 C = Inter-level travel time spent in this place.
 D = Time resting spent in this place.
 E = Time spent auto-exploring this place.
 F = Levels seen in this place.
 G = Mean time per level.
                   A        B        C        D        E       F      G
               +--------+--------+--------+--------+--------+-----+--------+
         Total |   6805 |   6526 |    279 |     18 |   5365 |   9 |  756.1 |
       Dungeon |   6029 |   5778 |    251 |     18 |   4833 |   7 |  861.3 |
        Temple |    116 |     88 |     28 |      0 |     69 |   1 |  116.0 |
         Sewer |    659 |    659 |      0 |      0 |    462 |   1 |  659.0 |
               +--------+--------+--------+--------+--------+-----+--------+

Top non-repeatable levels by time:
     D:1: 1590 daAuts
     D:3: 981 daAuts
     D:4: 941 daAuts
     D:6: 859 daAuts
     D:5: 719 daAuts
   Sewer: 659 daAuts
     D:2: 638 daAuts
     D:7: 298 daAuts
  Temple: 116 daAuts
